 Dungeon Crawl Stone Soup version 0.26.0-10-g1f06aea511 (webtiles) character file.

Game seed: 6068862524571590618

122927 KamiKatze the Severer (level 16, -10/104 HPs)
             Began as a Gargoyle Berserker on Jan 14, 2021.
             Was the Champion of Trog.
             Mangled by a bunyip (19 damage)
             ... called by a spriggan druid
             ... on level 2 of the Swamp.
             The game lasted 02:09:08 (26035 turns).

KamiKatze the Severer (Gargoyle Berserker)         Turns: 26035, Time: 02:09:09

Health: -10/104    AC: 43    Str: 26    XL:     16   Next: 89%
Magic:  25/25      EV: 11    Int:  9    God:    Trog [******]
Gold:   2255       SH:  5    Dex: 10    Spells: 15/15 levels left

rFire    + . .     SeeInvis .   X - +1 battleaxe (flame)
rCold    . . .     Faith    .   (shield currently unavailable)
rNeg     + . .     Spirit   .   y - +3 plate armour {rF+}
rPois    ∞         Reflect  +   p - +1 helmet
rElec    +         Harm     .   P - +2 cloak
rCorr    +         Rampage  .   F - +2 pair of gloves of the Realm of Zot {Regen+ MP+9}
Will     +++..                  B - +1 pair of boots {run}
Stlth    ..........             U - amulet of reflection
HPRegen  1.67/turn              M - +4 ring of slaying
MPRegen  0.19/turn              W - ring of resist corrosion

@: regenerating, quick
A: big wings, negative energy resistance 1, electricity resistance, unbreathing,
petrification resistance, miasma immunity, AC +12
a: Fly, Renounce Religion, Berserk, Trog's Hand, Brothers in Arms


You were on level 2 of the Swamp.
You worshipped Trog.
Trog was exalted by your worship.
You visited 5 branches of the dungeon, and saw 26 of its levels.
You also visited: Sewer, Bailey and Volcano.

You collected 4201 gold pieces.
You spent 1946 gold pieces at shops.

Inventory:

Hand Weapons
 a - a +5 broad axe of flaming
 k - a +2 executioner's axe of flaming
 O - a +3 vorpal executioner's axe
 X - a +1 battleaxe of flaming (weapon)
Missiles
 b - 11 boomerangs of dispersal
 c - 32 boomerangs
 e - 696 stones
 h - 8 curare-tipped darts
 i - 14 javelins
 j - 7 silver boomerangs
 n - 51 poisoned darts (quivered)
 s - 11 throwing nets
Armour
 p - a +1 helmet (worn)
 y - a +3 plate armour of fire resistance (worn)
 B - a +1 pair of boots of running (worn)
 F - the +2 pair of gloves of the Realm of Zot (worn) {Regen+ MP+9}
   (You bought it in a shop on level 15 of the Dungeon)

   It affects your magic capacity (+9).
   It increases your rate of regeneration.
 P - a +2 cloak (worn)
Jewellery
 M - a +4 ring of slaying (left hand)
 U - an amulet of reflection (around neck)
 W - a ring of resist corrosion (right hand)
Wands
 q - a wand of enslavement (14)
 H - a wand of random effects (21)
 I - a wand of flame (22)
 K - a wand of polymorph (13)
 S - a wand of disintegration (24)
 V - a wand of acid (47)
Scrolls
 f - 6 scrolls of teleportation
 l - a scroll of silence
 m - 13 scrolls of remove curse
 o - 2 scrolls of vulnerability
 v - 3 scrolls of magic mapping
 x - 4 scrolls of identify
 C - 2 scrolls of blinking
 D - a scroll of summoning {unknown}
 E - 3 scrolls of fog
 Y - 2 scrolls of fear
Potions
 d - 3 potions of berserk rage
 g - 3 potions of lignification
 r - 2 potions of resistance
 t - a potion of ambrosia
 u - 3 potions of cancellation
 z - 5 potions of attraction
 A - 6 potions of invisibility
 G - 6 potions of haste
 J - 4 potions of heal wounds
 N - 7 potions of curing
Miscellaneous
 w - a phial of floods
 R - a lightning rod (4/4)


   Skills:
 - Level 13.0 Fighting
 + Level 18.9 Axes
 - Level 2.0 Throwing
 - Level 12.7 Armour
 - Level 10.1 Dodging
 - Level 3.0 Evocations


You had 15 spell levels left.
You didn't know any spells.
Your spell library was empty.

Dungeon Overview and Level Annotations

Branches:
Dungeon (15/15)            Temple (1/1) D:7            Lair (6/6) D:8
  Swamp (2/4) Lair:2       Spider (0/4) Lair:4        Slime (0/5) Lair:6
    Orc (2/2) D:10            Elf (0/3) Orc:2        Vaults (0/5) D:13
 Depths (0/5) D:15          Sewer (visited)          Bailey (visited)
Volcano (visited)

Altars:
Ashenzari
Cheibriados
Dithmenos
Elyvilon
Fedhas
Gozag
Hepliaklqana
Kikubaaqudgha
Makhleb
Nemelex Xobeh
Okawaru
Qazlal
Ru
Sif Muna
Trog
Uskayaw
Vehumet
Wu Jian
Xom
Yredelemnul
Zin
The Shining One
Beogh
Jiyva

Shops:
D:5 (   D:6 *   D:11 [   D:13 (   D:15 *[(   Orc:2 ***(

Annotations:
D:4 dig for scrolls at w:1
Lair:2 3 runed translucent doors, exclusions: 3 doors and 2 more exclusions, Wualif's ghost, journeyman MfIE


Innate Abilities, Weirdness & Mutations

You are resistant to torment.
Your stone body is resilient. (AC +12)
You are immune to poison.
Your large and strong wings let you fly indefinitely.
You resist negative energy. (rN+)
You are resistant to electric shocks. (rElec)
You can survive without breathing.
You are immune to petrification.
You are immune to miasma.


Message History

The flame cauterises the wound!
You chop the three-headed hydra into pieces!!!
You burn the three-headed hydra.
The three-headed hydra is almost dead.
You slice the bunyip!! You burn the bunyip!
Unknown command.
You hack one of the three-headed hydra's heads off!
The flame cauterises the wound!
You slash the two-headed hydra! You burn the two-headed hydra.
You kill the two-headed hydra!
Trog accepts your kill.
You closely miss the bunyip.
Unknown command.
You hit the bunyip. You burn the bunyip.
The bunyip is heavily wounded.
You closely miss the tyrant leech. The bunyip claws you!
* * * LOW HITPOINT WARNING * * *
The bunyip claws you but does no damage.
The bunyip claws you!!
You die...

♣≈.≈..≈≈≈
♣♣♣♣♣<.≈.≈≈≈♣
♣♣♣♣≈..†...♣♣....
♣♣.≈..§≈..≈♣♣♣.≈≈≈
♣♣.≈≈≈≈≈≈§≈....≈≈≈§
..≈≈≈≈.≈≈≈.≈§≈.≈≈≈≈
.≈≈≈≈≈§≈≈≈.≈≈≈♣....
≈≈≈≈≈≈.†≈≈♣..≈♣ ...
≈≈.≈..w@?.♣♣♣♣♣ ≈.
≈..≈...x≈≈♣
♣.≈≈......≈..
♣.≈≈..§..≈≈≈♣♣
♣.≈≈..♣..≈≈≈.♣
≈.≈≈≈.≈...≈≈≈.♣
♣.≈≈≈≈≈≈≈..≈≈≈.♣
≈≈≈≈≈≈≈≈≈≈.≈≈§≈≈


You could see a bunyip (strong) and a tyrant leech (strong).

Vanquished Creatures
  Rupert (D:12)
  The ghost of Xiestris the Carver, a journeyman DsGl of Makhleb (D:15)
  The ghost of Uvinaotu the Blocker, a journeyman MiFi of the Shining One (D:15)
  4 eleionomae (Swamp:1)
  An ettin (Orc:2)
  2 fire dragons
  An ice dragon (D:15)
  14 hydras
  3 boulder beetles
  2 catoblepae (Lair:6)
  Harold (D:7)
  5 centaur warriors
  A ghost crab (Swamp:1)
  A death knight (D:11)
  9 two-headed ogres
  2 vault guards (D:13)
  Erica (Orc:1)
  An alligator (Swamp:1)
  An ogre mage (D:15)
  A queen ant (D:10)
  3 death yaks (Lair:5)
  Sonja (Lair:6)
  Nergalle (Orc:1)
  3 unseen horrors
  2 swamp dragons (Swamp:1)
  A wolf spider zombie (D:15)
  5 bog bodies
  3 lindwurms (Lair:6)
  4 oklob plants (Lair:4)
  3 salamanders (Volcano)
  A deep elf mage (D:14)
  10 ugly things
  7 orc knights
  2 manticores (Lair:6)
  4 cyclopes
  A will-o-the-wisp (Swamp:1)
  Maurice (D:9)
  14 elephants
  8 black mambas
  7 torpor snails (Lair:6)
  A gargoyle (D:14)
  10 cane toads
  14 komodo dragons
  4 rime drakes (Lair:6)
  An efreet (D:15)
  3 trolls
  2 tengu conjurers (D:13)
  A harpy zombie (D:15)
  5 jumping spiders (Lair:4)
  12 hornets
  6 tyrant leeches
  5 polar bears
  9 blink frogs
  3 slime creatures (D:14)
  3 shadows
  2 spriggans
  2 redbacks (Lair:4)
  9 humans (D:13)
  8 wyverns
  54 yaks
  5 basilisks
  A human (shapeshifter) (D:14)
  A steam dragon (D:13)
  4 vampire mosquitoes (Swamp:1)
  Menkaure (D:5)
  Edmund (D:5)
  7 wargs (Orc:2)
  6 soldier ants
  9 swamp worms
  An acid dragon (D:12)
  14 water moccasins
  Duvessa (D:4)
  3 hell hounds (Volcano)
  37 orc warriors
  2 swamp drakes (Swamp:1)
  2 sky beasts
  2 ice beasts
  5 phantoms
  19 wolves
  14 ogres
  4 black bears
  2 eyes of draining
  18 centaurs
  3 big kobolds
  14 bullfrogs
  8 gnoll sergeants (Bailey)
  Dowan (D:4)
  A wyvern skeleton (D:11)
  3 scorpions
  8 killer bees
  18 wights
  4 howler monkeys
  6 electric eels
  A lava snake (Lair:1)
  4 centaur zombies
  A quasit (D:10)
  A bullfrog zombie (D:5)
  8 orc priests
  3 jellies
  10 hounds
  Crazy Yiuf (D:7)
  6 gnoll shamans (Bailey)
  A centaur skeleton (D:5)
  37 worker ants
  Natasha (thrice) (D:2)
  9 iguanas
  20 orc wizards
  6 ogre zombies (D:10)
  A howler monkey zombie (D:11)
  Robin (D:2)
  3 worker ant zombies
  15 adders
  17 gnolls
  A howler monkey skeleton (D:5)
  2 river rats
  A shadow imp (D:10)
  4 white imps
  An ufetubus (D:9)
  3 oozes
  An adder skeleton (D:7)
  2 adder zombies
  5 worms
  7 leopard geckos
  84 orcs
  A ball python (D:6)
  5 bats
  7 giant cockroaches
  11 hobgoblins
  8 jackals
  6 quokkas
  A ball python skeleton (D:4)
  3 frilled lizards
  19 goblins
  2 goblin zombies (D:10)
  A hobgoblin skeleton (D:10)
  2 hobgoblin zombies (D:10)
  A jackal zombie (D:7)
  18 kobolds
  3 orc skeletons (D:10)
  11 orc zombies (D:10)
  8 rats
  2 bushes (Lair:5)
881 creatures vanquished.

Vanquished Creatures (others)
  A bunyip (Swamp:2)
  A hydra (Swamp:2)
  A vault guard (D:13)
  A spriggan druid (Swamp:2)
  A bog body (Swamp:2)
  2 bloated husks
  A centaur (D:13)
  A goblin (D:2)
  26 fungi
  68 plants
  A withered plant (D:15)
104 creatures vanquished.

Grand Total: 985 creatures vanquished

Notes
Turn   | Place    | Note
-------+----------+-------------------------------------------
     0 | D:1      | KamiKatze the Gargoyle Berserker began the quest for the
                  | Orb.
     0 | D:1      | Reached XP level 1. HP: 14/14 MP: 1/1
   222 | D:1      | Reached XP level 2. HP: 17/19 MP: 2/2
   411 | D:1      | Reached skill level 3 in Axes
   957 | D:2      | Reached XP level 3. HP: 23/23 MP: 3/3
  1015 | D:2      | Reached ** piety under Trog
  1385 | D:2      | Noticed Natasha
  1394 | D:2      | Killed Natasha
  1395 | D:2      | Reached XP level 4. HP: 25/29 MP: 4/4
  1488 | D:2      | Noticed Robin
  1517 | D:2      | Killed Robin
  1571 | D:2      | Reached XP level 5. HP: 33/33 MP: 5/5
  1672 | D:2      | Found a blossoming altar of Fedhas.
  1775 | D:2      | Noticed Natasha
  1788 | D:2      | Killed Natasha
  1789 | D:2      | Reached skill level 4 in Axes
  1824 | D:2      | Noticed Natasha
  1835 | D:2      | Killed Natasha
  1852 | D:2      | Reached *** piety under Trog
  2263 | D:3      | Reached skill level 1 in Throwing
  2263 | D:3      | Reached XP level 6. HP: 35/38 MP: 6/6
  2352 | D:3      | Found an opulent altar of Gozag.
  2541 | D:3      | Found a burning altar of Makhleb.
  3105 | D:4      | Found a glowing drain.
  3117 | Sewer    | Entered a sewer
  3200 | Sewer    | Reached **** piety under Trog
  3281 | Sewer    | Found a white marble altar of Elyvilon.
  3386 | D:4      | Noticed a sky beast
  3399 | D:4      | Killed a sky beast
  3400 | D:4      | Reached XP level 7. HP: 44/44 MP: 7/7
  3594 | D:4      | Noticed Duvessa
  3594 | D:4      | Noticed Dowan
  3616 | D:4      | Killed Duvessa
  3617 | D:4      | Reached skill level 5 in Fighting
  3617 | D:4      | Reached skill level 5 in Axes
  3617 | D:4      | Killed Dowan
  3778 | D:4      | Found a glowing golden altar of the Shining One.
  3779 | D:4      | Found a shadowy altar of Dithmenos.
  3823 | D:4      | Found a hazy altar of Hepliaklqana.
  3958 | D:4      | Found a glowing silver altar of Zin.
  4013 | D:5      | Entered Level 5 of the Dungeon
  4019 | D:5      | Noticed Menkaure
  4030 | D:5      | Killed Menkaure
  4031 | D:5      | Reached XP level 8. HP: 49/49 MP: 8/8
  4046 | D:5      | Noticed Edmund
  4124 | D:5      | Reached skill level 6 in Axes
  4177 | D:5      | Killed Edmund
  4412 | D:5      | Reached skill level 5 in Armour
  4524 | D:5      | Found a burning altar of Makhleb.
  4592 | D:5      | Found Usexory's Antique Weapon Emporium.
  5132 | D:6      | Found Ebladiel's Serpentskin Sales.
  5135 | D:6      | Reached ***** piety under Trog
  5137 | D:6      | Reached skill level 7 in Axes
  5215 | D:6      | Reached XP level 9. HP: 51/55 MP: 9/9
  5669 | D:6      | Found a stormy altar of Qazlal.
  5855 | D:7      | Found a staircase to the Ecumenical Temple.
  5883 | Temple   | Entered the Ecumenical Temple
  6044 | D:7      | Found a flagged portal.
  6072 | Bailey   | Entered a bailey
  6089 | Bailey   | Received a gift from Trog
  6508 | Bailey   | Reached skill level 8 in Axes
  6754 | D:7      | Reached skill level 9 in Axes
  6845 | D:7      | Found an ornate altar of the Wu Jian Council.
  7059 | D:7      | Found a shimmering blue altar of Sif Muna.
  7071 | D:7      | Reached XP level 10. HP: 61/61 MP: 10/10
  7080 | D:7      | Identified Sif Muna's Reference Book on the Escort
  7091 | D:7      | Found an ancient bone altar of Kikubaaqudgha.
  7102 | D:7      | Found a radiant altar of Vehumet.
  7255 | D:7      | Noticed Harold
  7274 | D:7      | Killed Harold
  7275 | D:7      | Reached skill level 10 in Axes
  7503 | D:7      | Found a runed translucent door.
  7504 | D:7      | Noticed Crazy Yiuf
  7514 | D:7      | Killed Crazy Yiuf
  7586 | D:8      | Reached skill level 11 in Axes
  7814 | D:8      | Found a staircase to the Lair.
  7946 | D:8      | Found a white marble altar of Elyvilon.
  8032 | D:8      | Found a basalt altar of Yredelemnul.
  8426 | D:9      | Found an iron altar of Okawaru.
  8470 | D:9      | Reached skill level 12 in Axes
  8518 | D:9      | Noticed a cyclops
  8535 | D:9      | Killed a cyclops
  8536 | D:9      | Reached XP level 11. HP: 39/66 MP: 11/11
  8639 | D:9      | Noticed Maurice
  8708 | D:9      | Received a gift from Trog
  8709 | D:9      | Got a faintly glowing bardiche {god gift}
  8710 | D:9      | Identified the +10 bardiche of Huaphyab {flame, rElec}
                  | (Trog gifted it to you on level 9 of the Dungeon)
  8989 | D:9      | Killed Maurice
  9533 | D:9      | Found a stormy altar of Qazlal.
  9703 | D:10     | Entered Level 10 of the Dungeon
  9936 | D:10     | Reached skill level 13 in Axes
  9940 | D:10     | Found a staircase to the Orcish Mines.
 10531 | D:11     | Killed an unseen horror
 10596 | D:11     | Found Eroxahy's Armour Shoppe.
 10655 | D:11     | Noticed a death knight
 10688 | D:11     | Killed a death knight
 10766 | D:11     | Received a gift from Trog
 10904 | D:11     | Noticed a queen ant
 10921 | D:10     | Killed a queen ant
 10982 | D:10     | Reached skill level 14 in Axes
 11052 | D:10     | Reached XP level 12. HP: 72/72 MP: 12/12
 11104 | D:11     | Reached skill level 5 in Dodging
 11263 | Lair:1   | Entered Level 1 of the Lair of Beasts
 11263 | Lair:1   | Noticed an eight-headed hydra
 11269 | Lair:1   | Killed a four-headed hydra
 11458 | Lair:1   | Noticed a five-headed hydra
 11470 | Lair:1   | Killed a one-headed hydra
 11493 | Lair:1   | Noticed a seven-headed hydra
 11507 | Lair:1   | Killed a one-headed hydra
 12240 | Lair:2   | Noticed a minotaur
 12246 | Lair:2   | Noticed Wualif's ghost (journeyman MfIE)
 12262 | Lair:2   | Found a runed translucent gate.
 12262 | Lair:2   | Found a runed translucent gate.
 12262 | Lair:2   | Found a runed translucent gate.
 12262 | Lair:2   | Noticed a seven-headed hydra
 12891 | Lair:2   | Received a gift from Trog
 12943 | Lair:2   | Found a staircase to the Swamp.
 13172 | Lair:3   | Noticed an eight-headed hydra
 13181 | Lair:3   | Killed a four-headed hydra
 13629 | Lair:3   | Reached skill level 15 in Axes
 13629 | Lair:3   | Reached XP level 13. HP: 65/80 MP: 13/13
 13702 | Lair:3   | Got a distressingly furry scale mail
 13713 | Lair:3   | Identified the +3 scale mail "Uhuloxzowk" {rPois rC+ MP-9
                  | Str+2} (You found it on level 3 of the Lair of Beasts)
 14826 | Lair:4   | Found a hole to the Spider Nest.
 15145 | Lair:4   | HP: 4/121 [acid (4)]
 15815 | Lair:5   | Reached skill level 10 in Fighting
 15855 | Lair:5   | Received a gift from Trog
 15856 | Lair:5   | Found a dark tunnel.
 15870 | Volcano  | Entered a volcano
 15921 | Volcano  | Gained mutation: Your large and strong wings let you fly
                  | indefinitely. [Gargoyle growth]
 15921 | Volcano  | Reached XP level 14. HP: 38/88 MP: 14/14
 16214 | Volcano  | Reached skill level 16 in Axes
 16453 | Lair:5   | Reached skill level 10 in Armour
 17332 | Lair:6   | Entered Level 6 of the Lair of Beasts
 17481 | Lair:6   | Found a viscous altar of Jiyva.
 17551 | Lair:6   | Found a staircase to the Slime Pits.
 17567 | Lair:5   | Received a gift from Trog
 18866 | Lair:6   | Reached XP level 15. HP: 95/95 MP: 15/15
 19136 | Lair:6   | Found a runed translucent door.
 19230 | Lair:6   | Reached skill level 17 in Axes
 19330 | Lair:6   | Noticed Sonja
 19342 | Lair:6   | Killed Sonja
 19833 | Orc:1    | Entered Level 1 of the Orcish Mines
 19839 | Orc:1    | Noticed Nergalle
 19855 | Orc:1    | Killed Nergalle
 20006 | Orc:1    | Noticed Erica
 20012 | Orc:1    | Killed Erica
 20210 | Orc:2    | Entered Level 2 of the Orcish Mines
 20482 | Orc:2    | Found a staircase to the Elven Halls.
 20691 | Orc:2    | Reached ****** piety under Trog
 20815 | Orc:2    | Found a roughly hewn altar of Beogh.
 20859 | Orc:2    | Found Ryrid's General Store.
 20867 | Orc:2    | Received a gift from Trog
 20905 | Orc:2    | Found Qimiwic's Weapon Boutique.
 20958 | Orc:2    | Found Fetza's Assorted Antiques.
 20959 | Orc:2    | Found Puhaudd's General Store.
 21230 | Orc:2    | Bought a scroll of acquirement for 676 gold pieces
 21231 | Orc:2    | Acquired a +2 vorpal executioner's axe
 21696 | D:12     | Found a hide-covered altar of Uskayaw.
 21843 | D:12     | Noticed Rupert
 21861 | D:12     | Killed Rupert
 22013 | D:12     | Received a gift from Trog
 22831 | D:13     | Found Weguem's Weapon Shoppe.
 22937 | D:13     | Reached XP level 16. HP: 103/103 MP: 16/16
 22972 | D:13     | Found a gate to the Vaults.
 23357 | D:14     | Reached skill level 18 in Axes
 23357 | D:14     | Received a gift from Trog
 23855 | D:15     | Entered Level 15 of the Dungeon
 23924 | D:15     | Found Qoizeqom's Armour Shop.
 23928 | D:15     | Bought the +2 pair of gloves of the Realm of Zot {Regen+
                  | MP+9} for 686 gold pieces
 24092 | D:15     | Found Qycabat's General Store.
 24368 | D:15     | Found a sacrificial altar of Ru.
 24388 | D:15     | Reached skill level 10 in Dodging
 24505 | D:15     | Found Qicw's Weapon Boutique.
 24600 | D:15     | Found a staircase to the Depths.
 24687 | D:15     | Found a runed translucent gate.
 24688 | D:15     | Found a runed translucent gate.
 24689 | D:15     | Found a runed translucent gate.
 24690 | D:15     | Noticed Xiestris's ghost (journeyman DsGl)
 24691 | D:15     | Noticed Uvinaotu's ghost (journeyman MiFi)
 24739 | D:15     | Killed Uvinaotu's ghost
 24766 | D:15     | Killed Xiestris's ghost
 25177 | D:11     | Bought a +1 pair of boots of running for 584 gold pieces
 25364 | Swamp:1  | Entered Level 1 of the Swamp
 26035 | Swamp:2  | Mangled by a bunyip

Illustrated notes

Levels and vault maps discovered:
D:1:      nzn_arrival_crosshair, layout_basic, chequers_serial_rivers_room_a,
          chequers_serial_rivers_micro_b
D:2:      layout_loops_ring, fedhas_altar_3, wad_woods_river_04,
          chequers_serial_rivers_small_b, uniq_robin, uniq_natasha
D:3:      layout_loops_ring, lemuel_coloured_pillars_altar,
          nicolae_gozag_seed_capital
D:4:      layout_cave_pools, zin_scriptorium, nzn_hepliaklqana_mist_gate,
          gammafunk_temple_overflow_statue, gup_sewer_entry_bubbles,
          uniq_duvessa
D:5:      layout_basic, serial_shops, nicolae_shop_competitors_out_of_business,
          fountainhead, kennysheep_cross_room, makhleb_heckhound_becter,
          uniq_edmund, uniq_menkaure
D:6:      layout_loops_ring, lemuel_round_altar, minmay_misc_feat_enclosed,
          guppyfry_shop_venom
D:7:      layout_basic, palyth_temple_overflow_mages, nzn_wu_jian_contemplation,
          minmay_temple_entry_glass, enter_bailey_2, serial_park_tiny_1,
          uniq_harold, uniq_crazy_yiuf_cottage
D:8:      layout_gridville, nicolae_overflow_hidden_temple, erik_lair_island,
          elyvilon_altar_1
D:9:      layout_layer_cave, okawaru_gym_becter, chequers_serial_rivers_micro_d,
          minivault_14, nicolae_qazlal_eye_of_the_storm, uniq_maurice
D:10:     layout_cave_pools, zombieorc1_lemuel, serial_glass, glass_columns_b,
          glass_columns_b
D:11:     layout_cave_pools, serial_glass, glass_columns_a, glass_columns_b,
          serial_shops, shop, zaba_antful_of_joy
D:12:     layout_loops_ring, basic_altar, uniq_rupert
D:13:     layout_roguey, ximxim_vaults_locker_room, serial_shops, shop,
          minmay_diced_spiral
D:14:     layout_basic, special_room [special_room_orc], minivault_23
D:15:     grunt_enter_depths_hoard, layout_stronghold, serial_shops, shop,
          nicolae_shop_statue_plus, shop, nicolae_ru_sacrificial_ziggurat,
          gammafunk_ghost_cemetery
Temple:   jpeg_temple_island
Lair:1:   layout_gridlike, serial_bayou_shore_a, grunt_megastairs_5
Lair:2:   layout_layer_cave, nicolae_swamp_entry_splash_gauntlet,
          maelrawn_ghost_gauntlet_escape, minmay_lindwurm_lava,
          grunt_megastairs_1
Lair:3:   nzn_winding_woodlands_stair_trap [nzn_winding_woodlands_5x15_zeroes,
          nzn_winding_woodlands_5x15_eye, nzn_winding_woodlands_5x15_pockets,
          nzn_winding_woodlands_15x15_eel_pit, nzn_winding_woodlands_5x15_cabin,
          nzn_winding_woodlands_5x15_crooked,
          nzn_winding_woodlands_5x15_pathside_ponds], layout_regular_city
Lair:4:   layout_layer_cave, nicolae_spider_entry_tight_spaces,
          minmay_lair_oklob_chamber, grunt_megastairs_4
Lair:5:   layout_big_grid, nicolae_volcano_entry_two_sided,
          chequers_serial_rivers_room_a, wad_woods_road_02,
          grunt_forest_stairs_clearing, infiniplex_staircase_pool_2
Lair:6:   hangedman_lair_in_review, layout_hall_layers, wormcave, slime_altar_1,
          uniq_sonja
Swamp:1:  layout_falls_marsh, evilmike_swamp_ruin_house_5
Swamp:2:  layout_basic_swamp, evilmike_swamp_ruin_house_4
Orc:1:    layout_caves, nicolae_orc_lava_room, uniq_nergalle, uniq_erica
Orc:2:    st_orc_town, layout_caves

Skill      XL: |  1  2  3  4  5  6  7  8  9 10 11 12 13 14 15 16 |
---------------+-------------------------------------------------+-----
Axes           | 3 4 5 7 9 12 14 15 16 17 18 | 18.9
Dodging        | 2 3 4 6 7 8 9 10 | 10.1
Armour         | 3 4 5 6 8 9 11 12 | 12.7
Fighting       | 4 5 6 7 8 10 11 12 13 | 13.0
Throwing       | 1 2 |  2.0
Evocations     | 3 |  3.0

Action                   |  1- 3 |  4- 6 |  7- 9 | 10-12 | 13-15 | 16-18 || total
-------------------------+-------+-------+-------+-------+-------+-------++-------
Melee: Hand axe          |   116 |   367 |   373 |     8 |       |       ||   864
       Broad axe         |       |       |   143 |   329 |   763 |   323 ||  1558
       War axe           |       |       |       |   353 |       |       ||   353
       Flail             |       |       |       |    23 |       |       ||    23
       Battleaxe         |       |       |       |       |   171 |    76 ||   247
Throw: Dart              |       |     2 |    17 |    11 |     7 |       ||    37
Invok: Berserk           |     2 |     1 |     7 |     3 |     6 |       ||    19
       Trog's Hand       |       |       |     2 |     1 |     5 |     2 ||    10
Evoke: Wand              |       |       |       |    10 |     3 |       ||    13
  Use: Scroll            |       |     6 |     6 |     9 |    10 |     1 ||    32
       Potion            |       |     1 |     2 |     1 |       |       ||     4
 Stab: Distracted        |       |       |       |       |     1 |       ||     1
Armor: Ring mail         |    35 |       |       |       |       |       ||    35
       Troll leather arm |     8 |   140 |   235 |   403 |   109 |       ||   895
       Plate armour      |       |       |       |       |   590 |   263 ||   853
Dodge: Dodged            |    82 |   201 |   364 |   502 |   417 |   127 ||  1693
Block: Other             |       |       |       |       |   121 |    59 ||   180
       Reflection        |       |       |       |       |    10 |     2 ||    12
